 Dungeon Crawl Stone Soup version 0.29-a0-653-gd47aff6735 (webtiles) character file.

Game seed: 14497588982634525419

47406 hquester1 the Covert (level 14, -2/91 HPs)
             Began as a Kobold Fighter on June 21, 2022.
             Was the Champion of Okawaru.
             Killed from afar by a steam dragon (6 damage)
             ... with a ball of steam
             ... in a volcano.
             The game lasted 01:22:08 (21365 turns).

hquester1 the Covert (Kobold Fighter)              Turns: 21365, Time: 01:22:11

Health: -2/91      AC: 21    Str: 13    XL:     14   Next: 81%
Magic:  26/26      EV: 22    Int: 12    God:    Okawaru [******]
Gold:   796        SH: 11    Dex: 19    Spells: 13/13 levels left

rFire   + + +      SeeInvis .   H - +5 short sword (venom)
rCold   . . .      Faith    .   c - +3 buckler
rNeg    . . .      Spirit   .   N - +5 leather armour of Paifut {Str-3 Int+3 Dex+2 Stlth+}
rPois   +          Reflect  .   r - +2 helmet
rElec   +          Harm     .   h - +2 cloak
rCorr   +          Rampage  .   W - +2 pair of gloves of Contentment {MP+9}
Will    +....                   e - +1 pair of boots
Stlth   ++++++++..              y - amulet of magic regeneration
HPRegen 0.25/turn               f - ring of fire
MPRegen 0.60/turn               o - ring of protection from fire

@: resistant
A: small, no large weapons, nightstalker 3
a: Renounce Religion, Heroism, Finesse, Duel


You were in a volcano.
You worshipped Okawaru.
Okawaru was exalted by your worship.
You visited 3 branches of the dungeon, and saw 17 of its levels.
You also visited: Sewer, Ossuary, Bailey and Volcano.

You collected 951 gold pieces.
You spent 155 gold pieces at shops.

Inventory:

Hand Weapons
 d - a +3 dagger of flaming
 H - a +5 short sword of venom (weapon)
 L - a +4 short sword of freezing
Missiles
 w - 2 throwing nets (quivered)
Armour
 a - the +1 robe of the Other World {+Inv Int+8}
   (You found it on level 4 of the Lair of Beasts)

   Int:       It affects your intelligence (+8).
   +Inv:      It lets you turn invisible.
 c - a +3 buckler (worn)
 e - a +1 pair of boots (worn)
 h - a +2 cloak (worn)
 r - a +2 helmet (worn)
 M - +0 steam dragon scales
 N - the +5 leather armour of Paifut (worn) {Str-3 Int+3 Dex+2 Stlth+}
   (You took it off an orc on level 10 of the Dungeon)

   Str:       It affects your strength (-3).
   Int:       It affects your intelligence (+3).
   Dex:       It affects your dexterity (+2).
   Stlth:     It makes you more stealthy.
 R - the +15 Maxwell's patent armour {-Cast -Tele rElec Will+ rCorr}
   (Okawaru gifted it to you on level 1 of the Lair of Beasts)

   rElec:     It insulates you from electricity.
   -Cast:     It prevents spellcasting.
   -Tele:     It prevents most forms of teleportation.
   rCorr:     It protects you from acid and corrosion.
   Will:      It increases your willpower.
 W - the +2 pair of gloves of Contentment (worn) {MP+9}
   (Okawaru gifted it to you on level 5 of the Lair of Beasts)

   MP:        It affects your magic capacity (+9).
Jewellery
 f - a ring of fire (left hand)
 o - a ring of protection from fire (right hand)
 y - an amulet of magic regeneration (around neck)
 G - the ring "Mietasar" {Ice Fly rN+ Stlth+}
   (You bought it in a shop on level 8 of the Dungeon)

   [ring of ice]

   It enhances your ice magic.
   rF:        It makes you vulnerable to fire.
   rC:        It protects you from cold.
   rN:        It protects you from negative energy.
   Fly:       It grants you flight.
   Stlth:     It makes you more stealthy.
 J - the ring of Psychosis {Fly rElec rF- SInv Stlth+}
   (You found it on level 9 of the Dungeon)

   [ring of see invisible]

   rF:        It makes you vulnerable to fire.
   rElec:     It insulates you from electricity.
   SInv:      It lets you see invisible.
   Fly:       It grants you flight.
   Stlth:     It makes you more stealthy.
 O - a ring of magical power
 V - a ring of poison resistance
Wands
 p - a wand of digging (2)
 D - a wand of paralysis (8)
 T - a wand of mindburst (10)
 U - a wand of flame (11)
Scrolls
 i - 3 scrolls of noise
 j - 6 scrolls of identify
 l - 4 scrolls of vulnerability
 m - 3 scrolls of immolation
 s - 4 scrolls of magic mapping
 v - a scroll of fear
 z - 2 scrolls of poison
 F - 4 scrolls of teleportation
 I - 2 scrolls of amnesia
 K - 2 scrolls of fog
Potions
 b - 3 potions of lignification
 g - 4 potions of brilliance
 k - 10 potions of ambrosia
 n - 3 potions of cancellation
 q - 2 potions of invisibility
 t - 6 potions of mutation
 u - 3 potions of flight
 x - a potion of magic
 A - 4 potions of resistance
 B - 6 potions of curing
 C - 5 potions of attraction
 E - a potion of haste
 P - a potion of might
 Q - a potion of berserk rage
 S - a potion of heal wounds


   Skills:
 + Level 11.8 Fighting
 + Level 13.3 Short Blades
 + Level 9.1 Armour
 + Level 12.5 Dodging
 + Level 13.8 Stealth
 + Level 9.1 Shields
 + Level 4.0 Invocations
 + Level 2.8 Evocations


You had 13 spell levels left.
You didn't know any spells.
Your spell library contained the following spells:

 Spells                   Type           Power      Damage    Failure   Level
 Foxfire                  Conj/Fire      0%         2x1d4     47%         1
 Freeze                   Ice            0%         1d3       47%         1
 Magic Dart               Conj           0%         1d3       47%         1
 Searing Ray              Conj           0%         2d4       63%         2
 Conjure Flame            Conj/Fire      0%         6-21      85%         3
 Frozen Ramparts          Ice            0%         1d2       85%         3
 Gell's Gravitas          Tloc           0%         N/A       85%         3
 Inner Flame              Hex/Fire       0%         N/A       85%         3
 Teleport Other           Tloc           0%         N/A       85%         3
 Flame Wave               Conj/Fire      0%         2d4       99%         4
 Fulminant Prism          Conj/Hex       0%         3d6       99%         4
 Hailstorm                Conj/Ice       0%         3d3       99%         4
 Blade Hands              Tmut           0%         N/A       100%        5
 Irradiate                Conj/Tmut      0%         3d13      100%        5
 Conjure Ball Lightning   Conj/Air       0%         3x3d6     100%        6
 Dispersal                Tloc           0%         N/A       100%        6
 Dragon Form              Tmut           0%         N/A       100%        7
 Discord                  Hex            0%         N/A       100%        8
 Disjunction              Tloc           0%         N/A       100%        8


Dungeon Overview and Level Annotations

Branches:
Dungeon (11/15)            Temple (1/1) D:7            Lair (5/6) D:9
  Swamp (0/4) Lair:2       Spider (0/4) Lair:3        Sewer (visited)
Ossuary (visited)          Bailey (visited)         Volcano (1/1)
  Slime: Lair:5-6       Orc: D:9-12

Altars:
Ashenzari
Cheibriados
Dithmenos
Elyvilon
Fedhas
Gozag
Hepliaklqana
Kikubaaqudgha
Makhleb
Nemelex Xobeh
Okawaru
Qazlal
Ru
Sif Muna
Trog
Uskayaw
Vehumet
Wu Jian
Xom
Yredelemnul
Zin
The Shining One

Shops:
D:8 *


Innate Abilities, Weirdness & Mutations

You are small and have problems with some larger weapons.
You are completely attuned to the shadows.


Message History

The sun demon is heavily wounded.
You are covered in liquid flames!
You kill the hell hound!
Okawaru accepts your kill. The hell hound breathes flames at you.
The blast of flame hits the sun demon.
The sun demon completely resists.
The blast of flame hits you. You resist. The sun demon completely misses you.
You hit the smoke demon but do no damage.
The smoke demon is moderately wounded.
You are covered in liquid flames!
The sun demon hits you!
* * * LOW HITPOINT WARNING * * *
You are engulfed in flames.
You resist.
* * * LOW HITPOINT WARNING * * *
You feel protected.
You are covered in liquid flames!
You are no longer on fire.
You block the steam dragon's attack. The steam dragon completely misses you.
The smoke demon gestures at you. Something smites you!
* * * LOW HITPOINT WARNING * * *
The sun demon barely misses you.
You feel better. The steam dragon breathes steam at you.
The ball of steam misses you.
A steam dragon comes into view.
The smoke demon gestures at you. Something smites you!
* * * LOW HITPOINT WARNING * * *
The sun demon completely misses you.
The steam dragon hisses angrily.
The smoke demon barely misses you. You block the smoke demon's attack.
The smoke demon completely misses you.
The smoke demon attacks as you move away!
The smoke demon closely misses you. You block the smoke demon's attack.
The smoke demon barely misses you. The steam dragon breathes steam at you.
The ball of steam hits the smoke demon!
The smoke demon resists.
The ball of steam hits you. You resist.
You die...

#..§.#.# ##...§#.#
#..§....# ##.....§.#
##..§.....#
#######.......#.#
##....##.....##..#
#...........## .##
....##
##..hD§@....## #
.§§..###...D33...###
§..§.....D..§....#
..§.....§.########
#..§§§D## ##..§§§#
#≈.§§.# #§..#.#
......#


You could see a sun demon (very poisoned), a smoke demon, 2 steam dragons and a
hell hound.

Vanquished Creatures
  2 vault guards (Bailey)
  4 hydras
  A centaur warrior (D:9)
  2 anacondas (Lair:4)
  Erica (D:8)
  3 death yaks (Lair:3)
  Amaemon (D:8)
  An orb spider (Lair:3)
  A bog body (Lair:2)
  A cyclops (D:11)
  An ugly thing (D:11)
  6 elephants
  A smoke demon (Volcano)
  5 black mambas
  An orange demon (D:8)
  11 cane toads
  A gargoyle (D:10)
  Maggie (D:7)
  Psyche (D:10)
  A rime drake (Lair:5)
  The ghost of pigah the Gusty, a novice OpAE of Gozag (D:5)
  A troll (D:9)
  A queen bee (D:11)
  Prince Ribbit (Bailey)
  9 blink frogs (Lair:2)
  A polar bear (Lair:1)
  Sigmund (D:2)
  2 shadows
  3 wyverns
  6 humans (Bailey)
  19 yaks
  4 basilisks
  3 steam dragons
  Menkaure (Ossuary)
  A hell hound (Volcano)
  35 water moccasins
  A black bear (D:4)
  7 orc warriors
  4 ice beasts
  3 sky beasts
  An ogre (D:4)
  6 wolves (Lair:3)
  3 centaurs
  4 phantoms
  The ghost of pigah the Gusty, an amateur OpAE (D:3)
  5 kobold brigands
  4 necrophages
  20 bullfrogs
  A gnoll sergeant (D:3)
  A wyvern zombie (D:5)
  6 wights
  45 killer bees
  3 howler monkeys (D:11)
  2 hounds (D:6)
  10 orc priests
  4 iguanas
  19 orc wizards
  6 hell rats (Lair:2)
  3 mummies (Ossuary)
  7 gnolls
  A howler monkey skeleton (D:5)
  25 adders
  14 river rats
  A shadow imp (D:7)
  A white imp (D:7)
  2 ufetubi (D:5)
  A worm (D:3)
  A dart slug (D:1)
  37 orcs
  3 ball pythons
  7 endoplasms
  6 giant cockroaches
  9 goblins
  9 hobgoblins
  6 jackals (Sewer)
  8 quokkas
  2 bats (D:1)
  6 frilled lizards
  3 gnoll skeletons (Ossuary)
  4 gnoll zombies (Ossuary)
  5 goblin skeletons (Ossuary)
  2 goblin zombies (Ossuary)
  5 hobgoblin skeletons (Ossuary)
  5 hobgoblin zombies (Ossuary)
  19 kobolds
  5 kobold skeletons (Ossuary)
  3 kobold zombies (Ossuary)
  2 orc skeletons (Ossuary)
  4 orc zombies (Ossuary)
  12 rats
  5 rat skeletons (Ossuary)
  7 rat zombies (Ossuary)
521 creatures vanquished.

Vanquished Creatures (others)
  19 fungi
  21 plants
40 creatures vanquished.

Grand Total: 561 creatures vanquished

Notes
Turn   | Place    | Note
-------+----------+-------------------------------------------
     0 | D:1      | hquester1 the Kobold Fighter began the quest for the Orb.
     0 | D:1      | Reached XP level 1. HP: 14/14 MP: 1/1
   370 | D:1      | Reached XP level 2. HP: 18/19 MP: 2/2
   450 | D:1      | Reached skill level 1 in Dodging
   797 | D:1      | Found a faded altar of an unknown god.
   845 | D:1      | Reached XP level 3. HP: 16/23 MP: 3/3
  1326 | D:2      | Noticed Sigmund
  1479 | D:3      | Found a runed translucent door.
  1485 | D:3      | Noticed pigah's ghost (amateur OpAE)
  1495 | D:3      | Killed pigah's ghost
  1496 | D:3      | Reached XP level 4. HP: 5/29 MP: 4/4
  1496 | D:3      | Reached XP level 5. HP: 6/33 MP: 5/5
  1841 | D:3      | Found a glowing drain.
  1848 | Sewer    | Entered a sewer
  1898 | Sewer    | Noticed a kobold brigand
  1917 | Sewer    | Killed a kobold brigand
  1918 | Sewer    | Reached XP level 6. HP: 22/38 MP: 6/6
  3426 | D:3      | Reached skill level 5 in Armour
  3426 | D:3      | Reached skill level 5 in Shields
  3426 | D:3      | Reached XP level 7. HP: 31/48 MP: 7/7
  3427 | D:3      | Reached XP level 8. HP: 36/55 MP: 8/8
  3605 | D:3      | HP: 4/82 [gnoll/+0 spear[a gnoll sergeant] (3)]
  3613 | D:3      | HP: 4/82 [gnoll/+0 spear[a gnoll sergeant] (1)]
  3618 | D:3      | HP: 3/82 [gnoll/+0 spear[a gnoll sergeant] (3)]
  3652 | D:2      | HP: 1/55 [gnoll/+0 whip[a gnoll sergeant] (6)]
  4006 | D:2      | Killed Sigmund
  4007 | D:2      | Reached XP level 9. HP: 30/60 MP: 9/9
  5598 | D:4      | Found an ornate altar of the Wu Jian Council.
  5641 | D:4      | Found a broken altar of Ashenzari.
  5654 | D:5      | Entered Level 5 of the Dungeon
  5679 | D:5      | Found a sacrificial altar of Ru.
  5750 | D:5      | Found a glowing silver altar of Zin.
  6016 | D:5      | Found a runed translucent gate.
  6016 | D:5      | Found a runed translucent gate.
  6076 | D:5      | Found a runed translucent gate.
  6148 | D:5      | Identified the +4 quarterstaff "Teh Alal" {elec, Int+4}
  6168 | D:5      | Found a snail-covered altar of Cheibriados.
  6431 | D:5      | Noticed pigah's ghost (novice OpAE)
  6482 | D:5      | Killed pigah's ghost
  6933 | D:6      | Reached XP level 10. HP: 57/65 MP: 10/10
  7290 | D:6      | HP: 1/65 [yak (13)]
  8092 | D:7      | Found a sand-covered staircase.
  8115 | Ossuary  | Entered an ossuary
  8436 | Ossuary  | Noticed Menkaure
  8453 | Ossuary  | Killed Menkaure
  8764 | D:7      | Found an opulent altar of Gozag.
  8764 | D:7      | Found a basalt altar of Yredelemnul.
  8957 | D:7      | Noticed Maggie
  8976 | D:7      | Killed Maggie
  9240 | D:7      | Reached skill level 10 in Short Blades
  9274 | D:7      | Found a staircase to the Ecumenical Temple.
  9289 | Temple   | Entered the Ecumenical Temple
  9512 | Temple   | Became a worshipper of Warmaster Okawaru
  9670 | D:8      | Reached XP level 11. HP: 71/71 MP: 11/11
  9849 | D:8      | Noticed Erica
  9901 | D:8      | Killed Erica
  9901 | D:8      | Reached * piety under Okawaru
  9902 | D:8      | Reached skill level 10 in Stealth
  9930 | D:8      | Noticed Amaemon
  9936 | D:8      | HP: 3/71 [poisoned by Amaemon]
 10081 | D:8      | Found a flagged portal.
 10091 | Bailey   | Entered a bailey
 10105 | Bailey   | Reached ** piety under Okawaru
 10202 | Bailey   | Reached skill level 10 in Dodging
 10441 | Bailey   | Noticed Prince Ribbit
 10442 | Bailey   | Noticed a vault guard
 10455 | Bailey   | Noticed a vault guard
 10488 | Bailey   | Killed a vault guard
 10813 | Bailey   | Killed a vault guard
 10813 | Bailey   | Reached *** piety under Okawaru
 10814 | Bailey   | Killed Prince Ribbit
 10833 | Bailey   | Reached skill level 10 in Fighting
 10833 | Bailey   | Reached XP level 12. HP: 77/77 MP: 11/14
 11047 | D:8      | Received a gift from Okawaru
 11065 | D:8      | HP: 3/77 [orange demon[Amaemon] (5)]
 11507 | D:8      | Killed Amaemon
 11508 | D:8      | Reached XP level 13. HP: 82/82 MP: 15/15
 11711 | D:8      | Found Qoif's Assorted Antiques.
 11717 | D:8      | Bought a sparkling wooden ring for 155 gold pieces
 11717 | D:8      | Identified the ring "Mietasar" {Ice Fly rN+ Stlth+} (You
                  | bought it in a shop on level 8 of the Dungeon)
 11793 | D:8      | Found a glowing golden altar of the Shining One.
 11983 | D:9      | Found a staircase to the Lair.
 12191 | D:9      | Noticed a centaur warrior
 12253 | D:9      | Killed a centaur warrior
 12253 | D:9      | Reached **** piety under Okawaru
 12663 | D:9      | Identified the ring of Psychosis {Fly rElec rF- SInv
                  | Stlth+}
 12808 | D:10     | Entered Level 10 of the Dungeon
 12885 | D:10     | Identified the +5 leather armour of Paifut {Str-3 Int+3
                  | Dex+2 Stlth+}
 13464 | D:10     | Noticed Psyche
 13470 | D:10     | Killed Psyche
 14078 | D:11     | Reached ***** piety under Okawaru
 14703 | Lair:1   | Entered Level 1 of the Lair of Beasts
 14885 | Lair:1   | Noticed a five-headed hydra
 14888 | Lair:1   | Killed a five-headed hydra
 14888 | Lair:1   | Received a gift from Okawaru
 14888 | Lair:1   | Found the +15 Maxwell's patent armour {-Cast -Tele rElec
                  | Will+ rCorr}
 16714 | Lair:2   | Reached XP level 14. HP: 54/90 MP: 16/16
 16951 | Lair:2   | Found a staircase to the Swamp.
 18150 | Lair:3   | Found a hazy altar of Hepliaklqana.
 19189 | Lair:3   | Found a hole to the Spider Nest.
 19193 | Lair:3   | Received a gift from Okawaru
 19250 | Lair:3   | Reached skill level 1 in Evocations
 19498 | Lair:4   | Identified the +1 robe of the Other World {+Inv Int+8}
 19758 | Lair:4   | Identified the +1 ring mail of the Hall of Blades {Will+}
 21009 | Lair:5   | Identified the +2 pair of gloves of Contentment {MP+9}
                  | (Okawaru gifted it to you on level 5 of the Lair of Beasts)
 21009 | Lair:5   | Received a gift from Okawaru
 21111 | Lair:5   | Found a dark tunnel.
 21117 | Volcano  | Entered a volcano
 21334 | Volcano  | Reached ****** piety under Okawaru
 21363 | Volcano  | HP: 4/91 [smoke demon/divine providence (12)]
 21365 | Volcano  | Killed from afar by a steam dragon

Illustrated notes

Levels and vault maps discovered:
D:1:      amcnicky_arrival_double_pillar, layout_basic,
          chequers_ecumenical_altar_island, dk_noncrumbling_2
D:2:      layout_basic, uniq_sigmund
D:3:      layout_loops_ring, gup_sewer_entry_bubbles,
          ebering_ghost_reflecting_pool
D:4:      layout_cave_pools, kennysheep_mini,
          mainiacjoe_overflow_concentric_impassable
D:5:      layout_rooms, lemuel_coloured_pillars_altar,
          mainiacjoe_overflow_alcove_2, mainiacjoe_overflow_paths,
          gammafunk_ghost_necromancy
D:6:      layout_loops_ring
D:7:      layout_rooms, gammafunk_temple_overflow_wave,
          minmay_temple_entry_glassed_door, enter_ossuary_1, uniq_maggie
D:8:      minmay_skewed_foursquare, layout_basic,
          nicolae_tso_swordbearing_angel, enter_bailey_3, serial_shops,
          nicolae_shop_trees, st_stairs_11, uniq_amaemon, uniq_erica
D:9:      layout_cave_pools, lair_entry_dummy
D:10:     layout_gridville, uniq_psyche
D:11:     layout_cave_pools, special_room [special_room_bee]
Temple:   eino_narrow_crystal_temple
Lair:1:   layout_regular_city, serial_forest, infiniplex_forest_clump_curved,
          infiniplex_forest_clump_large, infiniplex_forest_clump_diagonal,
          infiniplex_forest_straight_4, grunt_megastairs_4, lemuel_fruit_tree,
          infiniplex_staircase_pool
Lair:2:   layout_regular_city, skrybe_swamp_entry_bodies, kennysheep_rathole
Lair:3:   lemuel_reptile_caves, layout_small_grid,
          nicolae_spider_entry_orb_guardian, basic_altar,
          chequers_serial_rivers_large_b, kennysheep_catoblepas_arena
Lair:4:   beast_lair_carwin_large_4, layout_cave_pods
Lair:5:   layout_gridlike, slime_dummy, nicolae_volcano_entry_lava_flow,
          portal_ice_cave_entry_ice_simulacra, serial_bayou_lagoon_b
Volcano:  hellmonk_smoking_crater

Skill      XL: |  1  2  3  4  5  6  7  8  9 10 11 12 13 14 |
---------------+-------------------------------------------+-----
Dodging        | 1 2 3 7 8 9 10 11 12 | 12.5
Short Blades   | 3 7 9 10 11 12 13 | 13.3
Armour         | 3 5 6 7 8 9 |  9.1
Shields        | 3 5 6 7 8 9 |  9.1
Fighting       | 4 7 8 9 10 11 | 11.8
Stealth        | 6 8 9 11 12 13 | 13.8
Invocations    | 2 4 |  4.0
Evocations     | 2 |  2.8

Action                   |  1- 3 |  4- 6 |  7- 9 | 10-12 | 13-15 || total
-------------------------+-------+-------+-------+-------+-------++-------
Melee: Rapier            |    94 |   241 |   278 |   388 |       ||  1001
       Short sword       |       |       |       |   361 |  1130 ||  1491
  Use: Potion            |     1 |     1 |     4 |    12 |     3 ||    21
       Scroll            |       |     5 |    15 |    15 |     4 ||    39
 Stab: Sleeping          |       |       |    22 |    32 |    62 ||   116
       Distracted        |       |       |       |     1 |     2 ||     3
Armor: Scale mail        |    25 |    66 |    61 |    54 |       ||   206
       Skin              |       |       |    28 |       |       ||    28
       Steam dragon scal |       |       |       |    46 |    36 ||    82
       Leather armour    |       |       |       |       |   129 ||   129
Dodge: Dodged            |    53 |   125 |   122 |   304 |   575 ||  1179
Block: Buckler           |    15 |    71 |    88 |   165 |   459 ||   798

Table legend: (Time is in decaauts)
 A = Elapsed time spent in this place.
 B = Non-inter-level travel time spent in this place.
 C = Inter-level travel time spent in this place.
 D = Time resting spent in this place.
 E = Time spent auto-exploring this place.
 F = Levels seen in this place.
 G = Mean time per level.
                   A        B        C        D        E       F      G
               +--------+--------+--------+--------+--------+-----+--------+
         Total |  20879 |  20435 |    444 |   3177 |  11718 |  21 |  994.2 |
       Dungeon |  11491 |  11243 |    248 |   1741 |   6140 |  11 | 1044.6 |
        Temple |    231 |    154 |     77 |      0 |    126 |   1 |  231.0 |
          Lair |   6062 |   5943 |    119 |    719 |   4113 |   5 | 1212.4 |
         Sewer |   1752 |   1752 |      0 |    145 |   1217 |   1 | 1752.0 |
       Ossuary |    399 |    399 |      0 |      0 |     72 |   1 |  399.0 |
        Bailey |    711 |    711 |      0 |    399 |     49 |   1 |  711.0 |
       Volcano |    231 |    231 |      0 |    173 |      0 |   1 |  231.0 |
               +--------+--------+--------+--------+--------+-----+--------+

Top non-repeatable levels by time:
  Lair:2: 2030 daAuts
   Sewer: 1752 daAuts
  Lair:4: 1543 daAuts
     D:8: 1515 daAuts
  Lair:3: 1360 daAuts
     D:6: 1293 daAuts
     D:3: 1264 daAuts
     D:1: 1158 daAuts
     D:2: 1095 daAuts
     D:5: 1056 daAuts
  Lair:1: 1036 daAuts
    D:10: 1020 daAuts
     D:7: 877 daAuts
    D:11: 776 daAuts
     D:9: 766 daAuts
